 Dungeon Crawl Stone Soup version 0.20-a0-1040-gfd09691 (webtiles) character file.

237 Gorglomux the Ogre Mage (level 6, -1/63 HPs)
             Began as an Ogre Wizard on Apr 23, 2017.
             Killed from afar by Blork the orc (7 damage)
             ... with a puff of flame
             ... on level 4 of the Dungeon.
             The game lasted 00:08:56 (3607 turns).

Gorglomux the Ogre Mage (Ogre Wizard)               Turns: 3607, Time: 00:08:57

Health: -1/63      AC:  4    Str: 11 (12) XL:     6   Next: 6%
Magic:  7/13       EV: 10    Int: 23 (24) God:
Gold:   162        SH:  0    Dex:  8 (9)  Spells: 8/14 levels left

rFire    . . .     SeeInvis .   l - +1 dagger (venom)
rCold    . . .     Gourm    .   (no shield)
rNeg     . . .     Faith    .   a - +0 robe
rPois    .         Spirit   .   b - +0 hat
rElec    .         Reflect  .   u - +0 cloak
rCorr    .         Harm     .   (gloves unavailable)
MR       .....                  (boots unavailable)
Stlth    +.........             (no amulet)
Regen    0.2/turn               (no ring)
MPRegen  0.2/turn               (no ring)

@: brilliant, flying, hasted, very quick
A: unfitting armour, tough skin 1
a: no special abilities


You were on level 4 of the Dungeon.
You were not hungry.

You visited 1 branch of the dungeon, and saw 4 of its levels.

You collected 162 gold pieces.

Inventory:

Hand Weapons
 l - a +1 dagger of venom (weapon)
   (You took it off a kobold on level 2 of the Dungeon)
 p - a +0 whip
   (You took it off a kobold on level 2 of the Dungeon)
Missiles
 h - 7 curare-tipped needles
Armour
 a - a +0 robe (worn)
 b - a +0 hat (worn)
 u - a +0 cloak (worn)
   (You took it off Crazy Yiuf on level 2 of the Dungeon)
Wands
 x - a wand of flame (18/48)
   (You found it on level 3 of the Dungeon)
Scrolls
 e - a scroll of immolation {unknown}
 g - 2 scrolls of amnesia {unknown}
 i - a scroll of blinking {unknown}
 m - a scroll of enchant armour {unknown}
 o - a scroll of fear {unknown}
 t - a scroll of remove curse {unknown}
 v - a scroll of identify {unknown}
Potions
 k - a potion of degeneration {!q}
 w - a potion of mutation {unknown}
Books
 c - a book of Minor Magic
Comestibles
 d - 6 bread rations {@e1@e1}
 f - 2 royal jellies
 j - a fruit
 q - 2 meat rations {@e2@e2}
 A - 2 chunks of flesh {@w0@w0}


   Skills:
 + Level 4.4 Fighting
 + Level 1.0 Maces & Flails
 - Level 1.7 Dodging
 - Level 1.4 Stealth
 - Level 4.9 Spellcasting
 - Level 2.7 Conjurations
 - Level 0.8 Summonings
   Level 0.8 Translocations


You had 8 spell levels left.
You knew the following spells:

 Your Spells              Type           Power        Failure   Level  Hunger
a - Magic Dart            Conj           ####         1%          1    None
b - Conjure Flame         Conj/Fire      ####....     1%          3    ##.....
c - Call Imp              Summ           ###.....     1%          2    None


Dungeon Overview and Level Annotations

Branches:
Dungeon (4/15)
 Temple: D:4-7

Altars:
Nemelex Xobeh

Annotations:
D:4 Blork the orc


Innate Abilities, Weirdness & Mutations

You are too large for most types of armour.
You have tough skin. (AC +1)


Message History

Your Maces & Flails skill increases to level 1!
You swap places.
Things that are here:
a river rat corpse; an adder corpse You butcher the adder corpse.
A - 2 chunks of flesh {@w0@w0} You see here a river rat corpse.
You start resting.
You hear the slow rusting of a drain nearby.
You swap places.
y - a ring of ice {rC+, rF-} You drop a ring of ice {rC+, rF-}.
You swap places.
You enter the shallow water.
Moving in this stuff is going to be slow.
Your crimson imp disappears in a puff of smoke!
d - 6 bread rations {@e1@e1} (gained 1)
You enter the shallow water.
Moving in this stuff is going to be slow.
Blork the orc comes into view.
He is wielding a war axe.
Your crimson imp disappears in a puff of smoke!
What are your orders? t - Shout!
Orders for allies: a - Attack new target. r - Retreat! s - Stop attacking. g - Guard the area. f - Follow me.
Anything else - Cancel.
Gang up on whom?
Aim: Blork the orc, wielding a war axe and wearing a robe (resting) Attack!
Blork the orc mumbles some strange words.
Blork the orc seems to speed up.
Blork the orc gestures at you while chanting.
The magic dart hits you!
You take 1 damage, and have 33/63 hp.
Your white imp disappears in a puff of smoke!
Blork the orc drinks a potion.
Blork the orc suddenly seems more resistant.
Aim: Blork the orc, wielding a war axe and wearing a robe (black smoke, fast, unusually resistant)
The magic dart hits Blork the orc.
Blork the orc gestures at you while chanting.
The puff of frost misses you.
You now have 6/13 mp.
Aim: Blork the orc, wielding a war axe and wearing a robe (lightly wounded, fast, unusually resistant)
The magic dart hits Blork the orc.
Blork the orc closely misses you.
You now have 5/13 mp.
You barely miss Blork the orc.
Blork the orc gestures at you while chanting.
The puff of flame hits you!
You take 10 damage, and have 23/63 hp.
Unknown command.
Blork the orc barely misses you.
Your magical contamination has completely faded away.
You closely miss Blork the orc. Blork the orc hits you with a war axe!
* * * LOW HITPOINT WARNING * * *
You take 7 damage, and have 16/63 hp.
Unknown command.
You closely miss Blork the orc.
Blork the orc hits you but does no damage.
Unknown command.
You hit Blork the orc. Blork the orc closely misses you.
You hit Blork the orc but do no damage. Blork the orc hits you with a war axe.
* * * LOW HITPOINT WARNING * * *
Blork the orc hits you with a war axe.
* * * LOW HITPOINT WARNING * * *
You take 5 damage, and have 12/63 hp.
Unknown command.
It was a potion of curing.
You feel better.
Blork the orc gestures at you while chanting.
The magic dart hits you!
* * * LOW HITPOINT WARNING * * *
You regained 5 hp, and now have 17/63 hp.
It was a potion of degeneration.
There was something very wrong with that liquid.
You feel weakened.
You feel dopey.
You feel clumsy. Blork the orc hits you with a war axe!
* * * LOW HITPOINT WARNING * * *
You take 9 damage, and have 8/63 hp.
Unknown command.
Unknown command.
You feel better. Blork the orc hits you with a war axe.
* * * LOW HITPOINT WARNING * * *
Blork the orc points at you and mumbles some strange words.
The puff of flame hits you!
* * * LOW HITPOINT WARNING * * *
You take 3 damage, and have 5/63 hp.
It was a potion of brilliance.
You feel clever all of a sudden. Blork the orc completely misses you.
It was a potion of flight.
You feel very buoyant.
You fly up into the air.
Blork the orc begins to cast a cantrip, but forgets the words!
It was a potion of haste.
You feel yourself speed up.
Blork the orc screams, "I'm going to kill you!"
Blork the orc casts a spell at you. The puff of flame hits you!
You die...

#.# ##### #.#
.....>###.# #
#....†=########≈#
##.###.≈≈≈≈≈≈≈≈≈#
# ##≈≈#≈#≈####)#
#.≈.≈≈≈≈≈...##
#.....≈.......
#...@o......##
########.#.$#
.#.## .# # .#


You could see Blork the orc.

Vanquished Creatures
  A jelly (D:2)
  Jessica (D:3)
  2 adders
  3 river rats (D:4)
  10 oozes
  2 worms
  2 leopard geckos
  3 ball pythons (D:1)
  8 bats
  2 giant cockroaches
  7 goblins
  7 hobgoblins
  3 jackals (D:2)
  6 frilled lizards
  14 kobolds
  9 rats
80 creatures vanquished.

Vanquished Creatures (collateral kills)
  Crazy Yiuf (D:2)
  2 oozes (D:2)
3 creatures vanquished.

Vanquished Creatures (others)
  8 fungi (D:2)
  9 toadstools (D:2)
17 creatures vanquished.

Grand Total: 100 creatures vanquished

Notes
Turn   | Place    | Note
-------+----------+-------------------------------------------
     0 | D:1      | Gorglomux the Ogre Wizard began the quest for the Orb.
     0 | D:1      | Reached XP level 1. HP: 16/16 MP: 5/5
   121 | D:1      | Reached skill level 1 in Conjurations
   221 | D:1      | Reached skill level 1 in Fighting
   221 | D:1      | Reached XP level 2. HP: 11/27 MP: 0/6
   657 | D:1      | Reached skill level 2 in Fighting
   657 | D:1      | Reached skill level 4 in Spellcasting
   657 | D:1      | Reached XP level 3. HP: 28/35 MP: 4/8
  1974 | D:2      | Found a runed door.
  2041 | D:2      | Reached XP level 4. HP: 44/44 MP: 8/10
  2096 | D:2      | Reached skill level 3 in Fighting
  2444 | D:2      | Learned a level 2 spell: Call Imp
  2448 | D:2      | Learned a level 3 spell: Conjure Flame
  2451 | D:2      | Noticed Crazy Yiuf
  2467 | D:2      | Killed Crazy Yiuf
  2467 | D:2      | Reached skill level 2 in Conjurations
  2623 | D:2      | Reached XP level 5. HP: 43/53 MP: 1/11
  3054 | D:3      | Noticed Jessica
  3088 | D:3      | Killed Jessica
  3352 | D:3      | Reached skill level 4 in Fighting
  3392 | D:3      | Found a sparkling altar of Nemelex Xobeh.
  3552 | D:4      | Reached XP level 6. HP: 48/63 MP: 13/13
  3569 | D:4      | Reached skill level 1 in Maces & Flails
  3589 | D:4      | Noticed Blork the orc
  3601 | D:4      | HP: 15/63 [Blork the orc/war axe (2)]
  3604 | D:4      | HP: 5/63 [Blork the orc/puff of flame (8)]
  3607 | D:4      | Killed from afar by Blork the orc

Vault maps used:
D:1:      dpeg_arrival_chase, minmay_misc_feat_four_crosses
D:2:      cheibrodos_fertilizer, uniq_crazy_yiuf_cottage
D:3:      lemuel_doored_altar, first_bread, uniq_jessica
D:4:      serial_shops, nicolae_shop_waterfront, lightli_sewer_entry_pipes,
          uniq_blork_the_orc

Skill      XL: |  1  2  3  4  5  6 |
---------------+-------------------+-----
Conjurations   | 1 2 |  2.7
Fighting       | 1 2 3 4 |  4.4
Spellcasting   | 4 |  4.9
Maces & Flails | 1 |  1.0
Dodging        | |  1.7
Stealth        | |  1.4
Summonings     | |  0.8
Translocations | |  0.8

Action                   |  1- 3 |  4- 6 || total
-------------------------+-------+-------++-------
Melee: Unarmed           |     7 |       ||     7
       Dagger            |    38 |    58 ||    96
 Cast: Magic Dart        |    97 |    66 ||   163
       Call Imp          |       |     9 ||     9
  Use: Potion            |       |     6 ||     6
  Eat: Chunk             |     3 |     5 ||     8
Armor: Robe              |    38 |    17 ||    55
Dodge: Dodged            |    67 |    39 ||   106

Vault maps used:
D:1:      dpeg_arrival_chase, minmay_misc_feat_four_crosses
D:2:      cheibrodos_fertilizer, uniq_crazy_yiuf_cottage
D:3:      lemuel_doored_altar, first_bread, uniq_jessica
D:4:      serial_shops, nicolae_shop_waterfront, lightli_sewer_entry_pipes,
          uniq_blork_the_orc

Table legend:
 A = Turns spent in this place as a percentage of turns spent in the entire game.
 B = Non-inter-level travel turns spent in this place as a percentage of non-inter-level travel turns spent in the entire game.
 C = Inter-level travel turns spent in this place as a percentage of turns spent in this place.
 D = Turns resting spent in this place as a percentage of non-inter-level travel turns spent in this place.
 E = Turns spent auto-exploring this place as a percentage of non-inter-level travel turns spent in this place.
 F = Non-inter-level travel turns spent in this place divided by the number of levels of this place that you've seen.
                   A       B       C       D       E      F
               +-------+-------+-------+-------+-------+----------------------
         Total | 100.0 | 100.0 |   0.3 |   3.9 |   9.9 | 290.5
       Dungeon | 100.0 | 100.0 |   0.3 |   3.9 |   9.9 | 290.5
               +-------+-------+-------+-------+-------+----------------------

Table legend:
 A = Kills in this place as a percentage of kills in entire the game.
 B = Kills by you in this place as a percentage of kills by you in the entire game.
 C = Kills by friends in this place as a percentage of kills by friends in the entire game.
 D = Other kills in this place as a percentage of other kills in the entire game.
 E = Experience gained in this place as a percentage of experience gained in the entire game.
 F = Experience gained in this place divided by the number of levels of this place that you have seen.
                   A       B       C       D       E      F
               +-------+-------+-------+-------+-------+----------------------
         Total | 100.0 | 100.0 | 100.0 |  -nan | 100.0 |  84.8
       Dungeon | 100.0 | 100.0 | 100.0 |  -nan | 100.0 |  84.8
               +-------+-------+-------+-------+-------+----------------------
